 Dungeon Crawl Stone Soup version 0.18.1-5-g4a78601 (webtiles) character file.

175 oplop the Changer (level 5, 0/34 HPs)
             Began as an Octopode Transmuter on May 10, 2016.
             Slain by an orc
             ... wielding a +0 club
              (2 damage)
             ... on level 4 of the Dungeon.
             The game lasted 00:06:55 (3223 turns).

oplop the Changer (Octopode Transmuter)             Turns: 3223, Time: 00:06:55

Health: 0/34       AC:  1    Str: 10    XL:     5   Next: 55%
Magic:  7/8        EV: 18    Int: 16    God:
Gold:   102        SH:  0    Dex: 17    Spells: 3 memorised, 3 levels left

rFire  . . .     SeeInvis .       - Unarmed
rCold  . . .     Gourm    .     (no shield)
rNeg   . . .     Faith    .     (helmet restricted)
rPois  +         Spirit   .     f - amulet of magic regeneration
rElec  .         Dismiss  .     l - ring of poison resistance
rCorr  .         Reflect  .     (no ring)
SustAt .         Harm     .     (no ring)
MR     .....                    (no ring)
Stlth  ++++......               (no ring)
                                (no ring)
                                (no ring)
                                (no ring)

@: agile, appendage (expiring), very slightly contaminated, not resistant to
hostile enchantments, stealthy
A: almost no armour, amphibious, 8 rings, constrict 8, tentacle spike 3,
camouflage 1, gelatinous body 1
a: End Transformation


You were on level 4 of the Dungeon.
You were not hungry.
One of your tentacles had a temporary spike.
You visited 1 branch of the dungeon, and saw 4 of its levels.

You collected 102 gold pieces.

Inventory:

Hand Weapons
 i - a cursed -3 blowgun
Missiles
 a - 24 arrows
 k - 25 poisoned needles
Jewellery
 f - an amulet of magic regeneration (around mantle)
 l - a ring of poison resistance (left tentacle)
 o - an uncursed ring of teleportation
Scrolls
 d - 2 scrolls of identify
 e - 4 scrolls of remove curse
 g - a scroll of amnesia
 h - a scroll of teleportation {unknown}
 n - a scroll of recharging
 t - a scroll of fog {unknown}
Potions
 m - a potion of magic
 p - a potion of flight {unknown}
 s - a potion of curing {unknown}
Books
 b - a book of Changes

   Spells                             Type                      Level
   a - Beastly Appendage              Transmutation                1
   b - Sticks to Snakes               Transmutation                2
   c - Spider Form                    Transmutation/Poison         3
   d - Ice Form                       Ice/Transmutation            4
   e - Blade Hands                    Transmutation                5
Comestibles
 c - 3 bread rations
 j - a beef jerky


   Skills:
 + Level 2.2 Fighting
 + Level 3.1 Dodging
 + Level 3.4 Unarmed Combat
 + Level 2.6 Spellcasting
 * Level 3.6 Transmutations


You had 3 spell levels left.
You knew the following spells:

 Your Spells              Type           Power        Failure   Level  Hunger
a - Beastly Appendage     Trmt           ##....       6%          1    #......
b - Sticks to Snakes      Trmt           ##......     10%         2    ##.....
c - Spider Form           Trmt/Pois      #.........   34%         3    ###....


Dungeon Overview and Level Annotations

Branches:
Dungeon (4/15)
 Temple: D:4-7

Altars:
Kikubaaqudgha
Okawaru

Annotations:
D:3 Grinder


Innate Abilities, Weirdness & Mutations

You cannot wear most types of armour.
You are amphibious.
You can wear up to eight rings at the same time.
You can use your tentacles to constrict eight enemies at once.
Your skin changes colour to match your surroundings (Stealth).
Your rubbery body absorbs attacks (AC +1).
One of your tentacles bears a large vicious spike.


Message History

Your grab misses the orc wizard.
You pierce the orc wizard.
The orc wizard is heavily wounded.
The orc wizard casts a spell.
The orc wizard blinks!
Unknown command.
You tentacle-slap the orc but do no damage.
You grab the orc. Your squeeze misses the orc. You constrict the orc.
The orc misses you. The orc hits you with a club!
* * * LOW HITPOINT WARNING * * *
Unknown command.
Drink which item? (? for menu, Esc to quit)
It was a potion of agility.
You feel agile all of a sudden.
You constrict the orc. The orc misses you. x2
You release your grip on the orc.
The orc wizard casts a spell.
The orc wizard seems to speed up.
Your transformation is almost over.
The orc hits you with a club.
You die...

....#.######.#######
#......)............
#...#.>.........<...
#............#######
#...###<####.#
##.###...###.# #.#
.....o.......# #.#
#.##########.#
#...o..o.oo@.#
#.############ #.#
#?# #.# #.# #.# #.


You could see an orc wizard and 3 orcs.

Vanquished Creatures
  Ijyb (D:3)
  A hound skeleton (D:4)
  4 adders
  3 oozes
  4 worms
  4 dart slugs
  2 giant geckos
  3 orcs
  4 giant cockroaches
  7 goblins
  7 hobgoblins
  4 jackals (D:1)
  A ball python (D:2)
  5 bats
  2 giant newts (D:1)
  6 kobolds
  11 rats
69 creatures vanquished.

Notes
Turn   | Place    | Note
--------------------------------------------------------------
     0 | D:1      | oplop the Octopode Transmuter began the quest for the Orb.
     0 | D:1      | Reached XP level 1. HP: 13/13 MP: 3/3
    47 | D:1      | Reached XP level 2. HP: 18/18 MP: 5/5
   716 | D:1      | Reached XP level 3. HP: 23/23 MP: 6/6
  1664 | D:2      | Reached XP level 4. HP: 22/28 MP: 7/7
  2108 | D:2      | Learned a level 2 spell: Sticks to Snakes
  2112 | D:2      | Learned a level 3 spell: Spider Form
  2144 | D:2      | Found an iron altar of Okawaru.
  2440 | D:3      | Noticed Grinder
  2573 | D:3      | Found an ancient bone altar of Kikubaaqudgha.
  2943 | D:3      | Noticed Ijyb
  2954 | D:3      | Killed Ijyb
  2954 | D:3      | Reached XP level 5. HP: 33/34 MP: 3/8
  3213 | D:4      | HP: 1/34 [orc/club (8)]
  3223 | D:4      | Slain by an orc

Skill      XL: |  1  2  3  4 |
---------------+-------------+-----
Transmutations | 3 |  3.6
Fighting       | 2 |  2.2
Dodging        | 3 |  3.1
Unarmed Combat | |  3.4
Spellcasting   | |  2.6

Action                   |  1- 3 |  4- 6 || total
-------------------------+-------+-------++-------
Melee: Unarmed           |    86 |    98 ||   184
       Tentacles         |    15 |    13 ||    28
       Constrict         |    21 |    24 ||    45
       Kick              |     6 |    14 ||    20
       Punch             |     5 |     1 ||     6
 Cast: Beastly Appendage |     7 |    13 ||    20
       Spider Form       |       |     1 ||     1
  Use: Scroll            |       |     7 ||     7
       Potion            |       |     2 ||     2
 Stab: Sleeping          |     7 |     5 ||    12
  Eat: Chunk             |     1 |     4 ||     5
       Pizza             |     1 |       ||     1
       Beef jerky        |       |     1 ||     1
Armor: Skin              |    10 |     7 ||    17
Dodge: Dodged            |    50 |    57 ||   107
